 Dungeon Crawl Stone Soup version 0.30.1 (webtiles) character file.

Game seed: 13563438456781599424

12 wingedge the Sneak (level 2, -1/20 HPs)
             Began as a Demigod Wanderer on July 6, 2023.
             Slain by an adder (2 damage)
             ... on level 2 of the Dungeon.
             The game lasted 00:03:18 (1083 turns).

wingedge the Sneak (Demigod Wanderer)               Turns: 1083, Time: 00:03:18

Health: -1/20      AC:  2    Str:  9    XL:     2   Next: 9%
Magic:  1/5        EV: 11    Int: 16    God:
Gold:   40         SH:  0    Dex: 15    Spells: 2/3 levels left

rFire   . . .        a - +0 dagger
rCold   . . .        (no shield)
rNeg    . . .        i - +0 robe
rPois   .            (no helmet)
rElec   .            (no cloak)
rCorr   .            (no gloves)
SInv    .            (no boots)
Will    .....        (no amulet)
Stlth   ++           (no ring)
HPRegen 0.23/turn    (no ring)
MPRegen 0.09/turn

%: no passive effects
@: lethally poisoned (-1 -> -8)
A: high MP 1, forlorn, divine attributes
a: no special abilities


You were on level 2 of the Dungeon.
You visited 1 branch of the dungeon, and saw 2 of its levels.

You collected 40 gold pieces.

Inventory:

Hand Weapons
 a - a +0 dagger (weapon)
Armour
 d - a +0 ring mail
 i - a +0 robe (worn)
 j - a +0 leather armour
Magical Staves
 g - a staff of earth
Scrolls
 f - a scroll of identify {unknown}
 k - a scroll of fear {unknown}
 l - a scroll of brand weapon {unknown}
 m - a scroll of amnesia {unknown}


   Skills:
 - Level 1.7 Armour
 - Level 3.6 Stealth
 - Level 1.0 Spellcasting
 + Level 1.3 Conjurations
 + Level 1.3 Air Magic
 - Level 1.7 Evocations


You had 2 spell levels left.
You knew the following spells:

 Your Spells              Type           Power      Damage    Failure   Level
a - Shock                 Conj/Air       20%        1d4       13%         1

Your spell library contained the following spells:

 Spells                   Type           Power      Damage    Failure   Level
 Swiftness                Air            5%         N/A       36%         3


Dungeon Overview and Level Annotations

Branches:
Dungeon (2/15)


Innate Abilities, Weirdness & Mutations

You have an increased reservoir of magic. (+10% MP)
You shall have no god before yourself.
Your divine heritage dramatically boosts your attributes as you level up.


Message History

You feel much better.
You feel sick. The adder barely misses you.
Casting: Shock (safe; 13% risk of failure)
Confirm with . or Enter, or press ? or * to list all spells.
Okay, then.
Throw: javelin
Press: ? - help, Q - select action, (/) - cycle Shift-Dir - straight line, f/p - adder
Aim: an adder (severely wounded, 38% to hit)
You throw a javelin. The javelin barely misses the adder.
You feel sick. The adder closely misses you. The adder misses you.
Throw: dart (atropa)
Press: ? - help, Q - select action, (/) - cycle Shift-Dir - straight line, f/p - adder
Aim: an adder (severely wounded, 38% to hit, chance to blind on hit: 100%)
You throw an atropa-tipped dart.
The atropa-tipped dart barely misses the adder.
You feel sick. The adder bites you.
Throw: dart (datura)
Press: ? - help, Q - select action, (/) - cycle Shift-Dir - straight line, f/p - adder
Aim: an adder (severely wounded, 38% to hit, chance to frenzy on hit: 100%)
You throw a datura-tipped dart.
The datura-tipped dart barely misses the adder.
You feel sick. The adder bites you. x2
You are more poisoned.
The adder poisons you!
You miss the adder.
The adder is severely wounded.
You feel sick. The adder misses you.
You closely miss the adder.
The adder is severely wounded.
You feel sick. The adder bites you but does no damage.
You barely miss the adder.
The adder is severely wounded.
You feel sick. The adder barely misses you. The adder bites you.
* * * LOW HITPOINT WARNING * * *
You are more poisoned.
The adder poisons you!
You hit the adder but do no damage.
The adder is severely wounded.
* * * LOW HITPOINT WARNING * * *
You feel sick. The adder bites you.
You die...

#.#...#### #.#
#.....'..# #.#
###...##.# #.#
######.# #.# #.#
#.# #(# #.#
#.######.#
#S#......######..
#@#.#####......>.
#.#.#<..#.#######
#.#.....#.#
#.#######.#
#.........#
###########


You could see an adder.

Vanquished Creatures
  A bat (D:1)
  3 endoplasms (D:1)
  A hobgoblin (D:1)
  3 ball pythons
  2 kobolds
  2 rats (D:1)
12 creatures vanquished.

Notes
Turn   | Place    | Note
-------+----------+-------------------------------------------
     0 | D:1      | wingedge the Demigod Wanderer began the quest for the Orb.
     0 | D:1      | wingedge set off with the following items: a +0 dagger, an
                  | atropa-tipped dart, a datura-tipped dart, a +0 ring mail, a
                  | potion of heal wounds; and the following spell memorised:
                  | Shock; and the following spells available to memorise:
                  | Swiftness.
     0 | D:1      | Reached XP level 1. HP: 14/14 MP: 4/4
   335 | D:1      | Reached skill level 1 in Conjurations
   675 | D:1      | Reached XP level 2. HP: 19/20 MP: 1/5
  1083 | D:2      | HP: 1/20 [poisoned by an adder]
  1083 | D:2      | Slain by an adder

Illustrated notes

Levels and vault maps discovered:
D:1:      sevenhm_arrival_forest_fort_large_2, layout_basic, chequers_jeans
D:2:      layout_basic, grunt_decor_arrowhead, chequers_serial_rivers_room_a

Skill      XL: |  1 |
---------------+----+-----
Conjurations   | 1 |  1.3
Armour         | |  1.7
Stealth        | |  3.6
Spellcasting   | |  1.0
Air Magic      | |  1.3
Evocations     | |  1.7

Action                     || total
---------------------------++-------
  Melee: Dagger            ||    16
  Throw: Javelin           ||     9
         Dart              ||     2
   Cast: Shock             ||    20
    Use: Potion            ||     1
   Stab: Sleeping          ||     1
 Armour: Robe              ||     5
  Dodge: Dodged            ||    15
